 Dungeon Crawl Stone Soup version 0.29-a0-416-g83a48905f1 (webtiles) character file.

Game seed: 17510724331662871547

21 xian the Chopper (level 2, 0/23 HPs)
             Began as a Ghoul Wanderer on May 16, 2022.
             Killed from afar by Jessica (7 damage)
             ... with a puff of flame
             ... on level 2 of the Dungeon.
             The game lasted 00:02:59 (875 turns).

xian the Chopper (Ghoul Wanderer)                    Turns: 875, Time: 00:02:59

Health: 0/23       AC:  3    Str: 16    XL:     2   Next: 87%
Magic:  2/2        EV: 11    Int:  6    God:
Gold:   43         SH:  0    Dex:  8    Spells: 2/3 levels left

rFire   . . .      SeeInvis .   a - +3 hand axe
rCold   + . .      Faith    .   (no shield)
rNeg    + + +      Spirit   .   c - +0 leather armour
rPois   ∞          Reflect  .   (no helmet)
rElec   .          Harm     .   (no cloak)
rCorr   .          Rampage  .   (no gloves)
Will    .....                   (no boots)
Stlth   +.........              (no amulet)
HPRegen 0.00/turn               (no ring)
MPRegen 0.08/turn               (no ring)

@: inhibited regen
A: claws 1, cold resistance 1, negative energy resistance 3, inhibited
regeneration, torment resistance 2, devour on kill
a: no special abilities


You were on level 2 of the Dungeon.
You visited 1 branch of the dungeon, and saw 2 of its levels.

You collected 43 gold pieces.

Inventory:

Hand Weapons
 a - a +3 hand axe (weapon)
Missiles
 h - 2 boomerangs
 j - 4 poisoned darts
Armour
 c - a +0 leather armour (worn)
Magical Staves
 k - a staff of death
Scrolls
 b - a scroll of fear
 d - a scroll of poison {unknown}
 e - a scroll of noise {unknown}
 i - 3 scrolls of teleportation {unknown}
 l - a scroll of identify {unknown}
Potions
 f - 2 potions of heal wounds {unknown}
 g - 2 potions of curing {unknown}


   Skills:
 + Level 1.5 Fighting
 + Level 4.1 Axes
 + Level 0.1 Stealth
 + Level 1.1 Spellcasting
 + Level 2.8 Summonings
 + Level 1.0 Evocations


You had 2 spell levels left.
You knew the following spells:

 Your Spells              Type           Power      Damage    Failure   Level
a - Summon Small Mammal   Summ           12%        N/A       17%         1

Your spell library contained the following spells:

 Spells                   Type           Power      Damage    Failure   Level
 Magic Dart               Conj           0%         1d3       50%         1
 Searing Ray              Conj           0%         2d4       63%         2
 Call Canine Familiar     Summ           3%         N/A       45%         3
 Fulminant Prism          Conj/Hex       0%         3d6       99%         4
 Beastly Appendage        Tmut           Unusable   N/A       N/A         1
 Wereblood                Tmut           Unusable   N/A       N/A         2
 Spider Form              Tmut/Pois      Unusable   N/A       N/A         3

Dungeon Overview and Level Annotations

Branches:
Dungeon (2/15)

Altars:

Annotations:
D:2 Jessica


Innate Abilities, Weirdness & Mutations

You are immune to poison.
You have sharp fingernails.
Your flesh is cold resistant. (rC+)
You are immune to negative energy. (rN+++)
You do not regenerate when monsters are visible.
You are immune to unholy pain and torment.
You thrive by killing the living.


Message History

There is an open door here.
Jessica the Apprentice Sorceress comes into view.
She is wielding a +0 club and carrying a wand of flame (17).
The giant cockroach bites you but does no damage.
You hit the giant cockroach.
The giant cockroach is almost dead.
The giant cockroach closely misses you.
Jessica shouts, "I don't like beings like you!"
The kobold throws a stone.
The stone hits you but does no damage.
You barely miss the giant cockroach.
The giant cockroach is almost dead.
The giant cockroach barely misses you.
The giant cockroach bites you but does no damage.
The kobold throws a stone.
The stone barely misses you.
The giant cockroach bites you but does no damage.
A hobgoblin comes into view.
The hobgoblin shouts!
The kobold barely misses you.
You barely miss the kobold. You hit the giant cockroach.
You kill the giant cockroach!
The kobold barely misses you.
You hit the kobold.
The kobold is moderately wounded.
The kobold misses you. The kobold hits you with a +0 dagger.
Jessica hits you with a +0 club.
You completely miss the kobold.
The kobold is moderately wounded.
You hit the hobgoblin. You hit Jessica but do no damage.
The hobgoblin barely misses you. The kobold closely misses you.
Jessica hits you with a +0 club.
You closely miss the kobold.
The kobold is moderately wounded.
You hit Jessica. You hit the hobgoblin but do no damage.
The hobgoblin closely misses you. The kobold barely misses you.
Jessica hits you with a +0 club.
You hit the kobold.
The kobold is heavily wounded.
You completely miss the hobgoblin. You barely miss Jessica.
The hobgoblin hits you. The kobold hits you with a +0 dagger.
Jessica zaps a wand.
The puff of flame hits you!
You die...

#########.##########
#..................#
#.################.#
#.# #.. #.# #.# #.# #.#
#.# #.# #.# #.# #.# #.#
#.###.# #.#######'##
......# #..$..K@...#
..##..####.....g@...#
...#................#
.#.#†#####..........#
.............#........
##.#.#####.#.#.##......
#.#..> . # #. ........
##.####### #. ........
..........


You could see Jessica, a hobgoblin and a kobold.

Vanquished Creatures
  A dart slug (D:2)
  2 ball pythons (D:1)
  2 endoplasms (D:1)
  2 giant cockroaches
  3 hobgoblins
  2 bats (D:1)
  3 goblins
  4 rats
19 creatures vanquished.

Notes
Turn   | Place    | Note
-------+----------+-------------------------------------------
     0 | D:1      | xian the Ghoul Wanderer began the quest for the Orb.
     0 | D:1      | xian set off with the following items: a +3 hand axe, a
                  | scroll of fear, a +0 leather armour; and the following
                  | spell memorised: Summon Small Mammal; and the following
                  | spells available to memorise: Call Canine Familiar
     0 | D:1      | Reached XP level 1. HP: 16/16 MP: 1/1
   249 | D:1      | Reached XP level 2. HP: 20/23 MP: 2/2
   771 | D:2      | Reached skill level 4 in Axes
   866 | D:2      | Noticed Jessica
   875 | D:2      | Killed from afar by Jessica

Illustrated notes

Levels and vault maps discovered:
D:1:      sevenhm_arrival_forest_fort_large_3, layout_basic
D:2:      layout_basic, uniq_jessica, uniq_natasha

Skill      XL: |  1  2 |
---------------+-------+-----
Axes           | 4 |  4.1
Fighting       | |  1.5
Stealth        | |  0.1
Spellcasting   | |  1.1
Summonings     | |  2.8
Evocations     | |  1.0

Action                   || total
-------------------------++-------
Melee: Hand axe          ||    33
Armor: Leather armour    ||     6
Dodge: Dodged            ||    28

Table legend: (Time is in decaauts)
 A = Elapsed time spent in this place.
 B = Non-inter-level travel time spent in this place.
 C = Inter-level travel time spent in this place.
 D = Time resting spent in this place.
 E = Time spent auto-exploring this place.
 F = Levels seen in this place.
 G = Mean time per level.
                   A        B        C        D        E       F      G
               +--------+--------+--------+--------+--------+-----+--------+
         Total |    877 |    877 |      0 |      0 |    601 |   2 |  438.5 |
       Dungeon |    877 |    877 |      0 |      0 |    601 |   2 |  438.5 |
               +--------+--------+--------+--------+--------+-----+--------+

Top non-repeatable levels by time:
     D:1: 733 daAuts
     D:2: 143 daAuts
